 Dungeon Crawl Stone Soup version 0.28.0-45-g0d030f2227 (webtiles) character file.

Game seed: 18407392182149275909

23 H0rd4k the Magician (level 2, 0/15 HPs)
             Began as a Deep Elf Hedge Wizard on Apr 6, 2022.
             Slain by a jackal (1 damage)
             ... on level 1 of the Dungeon.
             The game lasted 00:00:53 (918 turns).

H0rd4k the Magician (Deep Elf Hedge Wizard)          Turns: 918, Time: 00:00:53

Health: 0/15       AC:  2    Str:  7    XL:     2   Next: 75%
Magic:  1/10       EV: 12    Int: 18    God:
Gold:   72         SH:  0    Dex: 14    Spells: 11/12 levels left

rFire   . . .      SeeInvis .   a - +0 dagger
rCold   . . .      Faith    .   (no shield)
rNeg    . . .      Spirit   .   b - +0 robe
rPois   .          Reflect  .   c - +0 hat
rElec   .          Harm     .   (no cloak)
rCorr   .          Rampage  .   (no gloves)
Will    .....                   (no boots)
Stlth   ++........              (no amulet)
HPRegen 0.05/turn               (no ring)
MPRegen 0.12/turn               (no ring)

@: very slightly contaminated
A: no striking features
a: no special abilities


You were on level 1 of the Dungeon.
You visited 1 branch of the dungeon, and saw 2 of its levels.

You collected 72 gold pieces.

Inventory:

Hand Weapons
 a - a +0 dagger (weapon)
Armour
 b - a +0 robe (worn)
 c - a +0 hat (worn)
Scrolls
 f - 4 scrolls of identify {unknown}
 g - a scroll of fear {unknown}
Potions
 d - a potion of might {unknown}
 e - a potion of flight {unknown}


   Skills:
 + Level 2.6 Dodging
 - Level 2.4 Stealth
 + Level 5.5 Spellcasting
 + Level 1.3 Conjurations
 + Level 1.1 Summonings
 + Level 1.1 Translocations


You had 11 spell levels left.
You knew the following spells:

 Your Spells              Type           Power      Damage    Failure   Level
a - Magic Dart            Conj           36%        1d4       8%          1

Your spell library contained the following spells:

 Spells                   Type           Power      Damage    Failure   Level
 Blink                    Tloc           16%        N/A       12%         2
 Call Imp                 Summ           8%         N/A       12%         2
 Slow                     Hex            16%        N/A       13%         1
 Conjure Flame            Conj/Fire      7%         6-21      28%         3
 Mephitic Cloud           Conj/Pois/Air  6%         N/A       30%         3


Dungeon Overview and Level Annotations

Branches:
Dungeon (2/15)

Altars:

Shops:
D:1 (


Message History

Press: ? - help, Shift-Dir - straight line, f/p - jackal
Aim: a jackal (almost dead, 100% to hit)
The magic dart hits the jackal.
You kill the jackal!
The jackal bites you. The jackal misses you.
Unknown command.
The jackal closely misses you.
You climb upwards.
There is a stone staircase leading down here.
The jackal barely misses you. The jackal closely misses you.
The jackal bites you.
* * * LOW HITPOINT WARNING * * *
You are too injured to fight recklessly!
Casting: Magic Dart (safe; 8% risk of failure)
Confirm with . or Enter, or press ? or * to list all spells.
Aiming: Magic Dart (safe; 8% risk of failure)
Press: ? - help, Shift-Dir - straight line, f - jackal
Aim: a jackal (100% to hit)
The magic dart hits the jackal.
The jackal is heavily wounded.
The jackal bites you but does no damage.
Casting: Magic Dart (safe; 8% risk of failure)
Confirm with . or Enter, or press ? or * to list all spells.
Aiming: Magic Dart (safe; 8% risk of failure)
Press: ? - help, Shift-Dir - straight line, f/p - jackal
Aim: a jackal (heavily wounded, 100% to hit)
The magic dart hits the jackal.
The jackal is severely wounded.
The jackal bites you but does no damage.
The jackal bites you.
* * * LOW HITPOINT WARNING * * *
Sorry, you're not good enough to have a special ability.
Casting: Magic Dart (safe; 8% risk of failure)
Confirm with . or Enter, or press ? or * to list all spells.
Aiming: Magic Dart (safe; 8% risk of failure)
Press: ? - help, Shift-Dir - straight line, f/p - jackal
Aim: a jackal (heavily wounded, 100% to hit)
You miscast Magic Dart.
Nothing appears to happen.
The jackal bites you.
You die...

#.###.......###########........#
#.###..........................#
......................########.#
.....#..#..#..[######## #..#
..........####...# #.##
..........# ###.# ##.#
..........# #.# #..# ........###
#.####### ##.## .........#
#@......####..# .....(...##
##h...........##
..........#####..........####
.......#.....##..........#
..........##.##..........#
..................(......#
................>........#
..............#...>.....##
.........................#


You could see a jackal.

Vanquished Creatures
  A bat (D:1)
  5 endoplasms (D:1)
  4 goblins (D:1)
  A hobgoblin (D:1)
  2 jackals
  A quokka (D:1)
  3 ball pythons (D:1)
  2 kobolds (D:1)
  2 rats (D:1)
21 creatures vanquished.

Notes
Turn   | Place    | Note
-------+----------+-------------------------------------------
     0 | D:1      | H0rd4k the Deep Elf Hedge Wizard began the quest for the
                  | Orb.
     0 | D:1      | Reached XP level 1. HP: 10/10 MP: 7/7
   296 | D:1      | Reached skill level 5 in Spellcasting
   313 | D:1      | Reached XP level 2. HP: 15/15 MP: 8/10
   418 | D:1      | Found Wumpot's Weapon Boutique.
   614 | D:1      | Found a faded altar of an unknown god.
   918 | D:1      | Slain by a jackal

Illustrated notes

Levels and vault maps discovered:
D:1:      dpeg_arrival_concentric_ovals, layout_rooms, basic_ecumenical_altar,
          serial_shops, nicolae_shop_crystal
D:2:      layout_basic

Skill      XL: |  1 |
---------------+----+-----
Spellcasting   | 5 |  5.5
Dodging        | |  2.6
Stealth        | |  2.4
Conjurations   | |  1.3
Summonings     | |  1.1
Translocations | |  1.1

Action                   || total
-------------------------++-------
Melee: Dagger            ||     1
 Cast: Magic Dart        ||    57
Armor: Robe              ||     6
Dodge: Dodged            ||    19
